 Dungeon Crawl Stone Soup version 0.23.2-30-g0e89c35649 (webtiles) character file.

Game seed: 7461152486852962649

375 Solarlg the Slasher (level 6, -2/55 HPs)
             Began as a Draconian Berserker on June 9, 2019.
             Was a Priest of Trog.
             Slain by a yak (12 damage)
             ... on level 4 of the Dungeon.
             The game lasted 00:17:05 (3480 turns).

Solarlg the Slasher (Draconian Berserker)           Turns: 3480, Time: 00:17:06

Health: -2/55      AC:  7    Str: 26    XL:     6   Next: 44%
Magic:  6/6        EV: 13    Int:  7    God:    Trog [***...]
Gold:   166        SH:  0    Dex: 11    Spells: 5/5 levels left

rFire    + + .     SeeInvis .   u - +5 short sword "Letug" {freeze, rF++}
rCold    . . .     Gourm    .   (no shield)
rNeg     + . .     Faith    .   (armour unavailable)
rPois    .         Spirit   .   (helmet restricted)
rElec    .         Reflect  .   (no cloak)
rCorr    .         Harm     .   p - +0 pair of gloves (curse)
MR       .....                  (no boots)
Stlth    ++........             (no amulet)
HPRegen  0.18/turn              e - ring of positive energy
MPRegen  0.10/turn              (no ring)

@: mighty, lethally poisoned (-2 -> -6), about to teleport
A: unfitting armour, cold-blooded, AC +6
a: Berserk, Trog's Hand, Renounce Religion


You were on level 4 of the Dungeon.
You worshipped Trog.
Trog was most pleased with you.
You were not hungry.

You visited 1 branch of the dungeon, and saw 5 of its levels.

You collected 166 gold pieces.

Inventory:

Hand Weapons
 a - a +0 falchion
 s - a +0 hunting sling of flaming
 u - the +5 short sword "Letug" (weapon) {freeze, rF++}
   (You found it on level 4 of the Dungeon)

   It has been specially enchanted to freeze those struck by it, causing extra
   injury to most foes and up to half again as much damage against particularly
   susceptible opponents.
   It can also slow down cold-blooded creatures.
   It greatly protects you from fire.
Missiles
 o - 30 sling bullets
 t - 12 stones (quivered)
Armour
 p - a cursed +0 pair of gloves (worn)
Jewellery
 e - a ring of positive energy (left hand)
Scrolls
 d - 5 scrolls of identify
 f - 4 scrolls of teleportation
 h - 2 scrolls of fog {unknown}
 i - a scroll of fear {unknown}
 l - 2 scrolls of remove curse {unknown}
 n - a scroll of enchant armour {unknown}
 r - a scroll of immolation {unknown}
Potions
 c - a potion of degeneration {unknown}
 g - a potion of might
 j - a potion of magic {unknown}
 k - a potion of cancellation {unknown}
 m - 4 potions of curing {unknown}
 q - a potion of brilliance {unknown}
Comestibles
 b - 16 rations


   Skills:
 + Level 4.8 Fighting
 * Level 1.0(3.2) Short Blades
 - Level 4.9(5.0) Long Blades
 + Level 4.3 Dodging
 - Level 1.1 Stealth


You had 5 spell levels left.
You didn't know any spells.
Your spell library contained the following spells:

 Spells                   Type           Power        Failure   Level  Hunger
 Beastly Appendage        Tmut           #.....       43%         1    ##.....
 Sticks to Snakes         Tmut           #.......     56%         2    ###....
 Spider Form              Tmut/Pois      #.........   80%         3    ####...
 Ice Form                 Ice/Tmut       #.......     99%         4    #####..
 Blade Hands              Tmut           #.........   100%        5    ######.


Dungeon Overview and Level Annotations

Branches:
Dungeon (5/15)
 Temple: D:4-7

Altars:
Nemelex Xobeh


Innate Abilities, Weirdness & Mutations

Your plain brown scales are hard. (AC +6)
You cannot fit into any form of body armour.
You are cold-blooded and may be slowed by cold attacks.


Message History

The scorpion poisons you! The yak gores you but does no damage.
The frilled lizard bites you but does no damage.
You puncture the yak! You freeze the yak.
The yak is severely wounded.
You feel sick. The scorpion stings you! The yak gores you.
The frilled lizard bites you but does no damage.
You puncture the yak! You freeze the yak.
The yak is almost dead.
You feel sick. The scorpion barely misses you. The yak gores you!
The frilled lizard barely misses you.
You feel sick. The scorpion barely misses you. The yak gores you!
* * * LOW HITPOINT WARNING * * *
The frilled lizard closely misses you.
You climb upwards.
You feel sick.
There is a stone staircase leading down here.
As you read the scroll of teleportation, it crumbles to dust.
You feel strangely unstable. The scorpion stings you.
* * * LOW HITPOINT WARNING * * *
The yak gores you!
You die...

.###.#.#.#####.#####.# #.## .#
#........##.# ##.## #)..
.###.....#..##.# #...# ###..#
.[...#...#..##.# #...# #.....
.....#.........# #...# #.#...
.......##.....#####...######.##.#
.....####...#.#...........##.##.#
................Y............##.#
............#.#s@l........#####.#
.....####...#.#####...#########.#
.....####.....# #...# #...<.
####.##.....### #...# #.##.#
#.##.##.## #...# #.##.# #.##.##.#
####.#######.##.. ####.......#
#............#... ........#######
#..####.####.....
.##########...###..##.....##.#...


You could see a yak, a scorpion and a frilled lizard.

Vanquished Creatures
  A phantom (D:4)
  A crimson imp (D:5)
  A quasit (D:4)
  A worker ant (D:3)
  Robin (D:4)
  3 gnolls (D:4)
  8 adders
  An adder skeleton (D:4)
  A worm (D:3)
  A leopard gecko (D:2)
  4 orcs
  A ball python (D:4)
  9 bats
  3 giant cockroaches
  18 goblins
  7 hobgoblins
  2 jackals (D:3)
  A quokka (D:2)
  9 frilled lizards
  3 kobolds
  8 rats
84 creatures vanquished.

Notes
Turn   | Place    | Note
-------+----------+-------------------------------------------
     0 | D:1      | Solarlg the Draconian Berserker began the quest for the
                  | Orb.
     0 | D:1      | Reached XP level 1. HP: 19/19 MP: 1/1
   194 | D:1      | Reached XP level 2. HP: 26/26 MP: 2/2
   528 | D:1      | Reached ** piety under Trog
   882 | D:2      | Reached XP level 3. HP: 21/33 MP: 3/3
  1348 | D:2      | Reached XP level 4. HP: 34/40 MP: 4/4
  1360 | D:2      | You fall through a shaft!
  1982 | D:2      | Reached *** piety under Trog
  2062 | D:2      | Reached XP level 5. HP: 47/47 MP: 5/5
  2550 | D:4      | Found a sparkling altar of Nemelex Xobeh.
  2796 | D:4      | Noticed a phantom
  2852 | D:4      | Killed a phantom
  2852 | D:4      | Reached skill level 1 in Stealth
  2852 | D:4      | Reached XP level 6. HP: 29/53 MP: 6/6
  3298 | D:4      | Noticed Robin
  3372 | D:4      | Killed Robin
  3434 | D:4      | Got a dazzling short sword
  3435 | D:4      | Identified the +5 short sword "Letug" {freeze, rF++} (You
                  | found it on level 4 of the Dungeon)
  3460 | D:5      | Entered Level 5 of the Dungeon
  3463 | D:5      | Noticed a yak
  3472 | D:4      | Reached skill level 1 in Short Blades
  3480 | D:4      | Slain by a yak

Skill      XL: |  1  2  3  4  5  6 |
---------------+-------------------+-----
Dodging        | 3 4 |  4.3
Fighting       | 4 |  4.8
Long Blades    | 4 |  4.9
Stealth        | 1 |  1.1
Short Blades   | 1 |  1.0

Action                   |  1- 3 |  4- 6 || total
-------------------------+-------+-------++-------
Melee: Falchion          |   100 |   138 ||   238
       Tailslap          |    12 |    17 ||    29
       Short sword       |       |     6 ||     6
Invok: Berserk           |       |     1 ||     1
  Use: Scroll            |       |     2 ||     2
       Potion            |       |     1 ||     1
 Stab: Sleeping          |       |     1 ||     1
  Eat: Chunk             |     1 |     5 ||     6
       Ration            |       |     1 ||     1
Armor: Skin              |    42 |    54 ||    96
Dodge: Dodged            |    79 |   135 ||   214
       Rpst.: Falchion   |    28 |    38 ||    66
